 Dungeon Sprint DCSS version 0.22-a0-373-gab1296c (webtiles) character file.

73 emperorscorpion the Gusty (level 4, 0/24 HPs)
             Began as a Deep Elf Air Elementalist on Apr 25, 2018.
             Succumbed to a scorpion's poison
             ... in the Dungeon (Sprint IX: "|||||||||||||||||||||||||||||").
             The game lasted 00:00:58 (98 turns).

emperorscorpion the Gusty (Deep Elf Air Elementalist) Turns: 98, Time: 00:00:59

Health: 0/24       AC:  2    Str:  5    XL:     4   Next: 8%
Magic:  0/13       EV: 14    Int: 20    God:
Gold:   0          SH:  0    Dex: 16    Spells: 13/14 levels left

rFire    . . .     SeeInvis .   j - +0 short sword
rCold    . . .     Gourm    .   (no shield)
rNeg     . . .     Faith    .   a - +0 robe
rPois    .         Spirit   .   (no helmet)
rElec    .         Reflect  .   (no cloak)
rCorr    .         Harm     .   (no gloves)
MR       .....     NoTele   +   (no boots)
Stlth    +++.......             (no amulet)
HPRegen  0.08/turn              (no ring)
MPRegen  0.13/turn              (no ring)

@: lethally poisoned (0 -> -17)
A: no striking features
a: no special abilities


You were in the Dungeon.
You were not hungry.

You visited 1 branch

Inventory:

Hand Weapons
 j - a +0 short sword (weapon)
Armour
 a - a +0 robe (worn)
Scrolls
 i - a scroll of blinking
Potions
 e - a potion of heal wounds
 f - a potion of haste
 g - 2 potions of magic
 h - a potion of berserk rage
Comestibles
 b - a chunk of flesh
 c - a ration


   Skills:
 + Level 4.1 Dodging
 + Level 3.6 Stealth
 + Level 5.7 Spellcasting
 + Level 2.3 Conjurations
 + Level 6.4 Air Magic


You had 13 spell levels left.
You knew the following spells:

 Your Spells              Type           Power        Failure   Level  Hunger
a - Shock                 Conj/Air       ###.         1%          1    None


Dungeon Overview and Level Annotations

Branches:
Dungeon (1/1)

Altars:


Message History

You are more poisoned.
The scorpion poisons you!
Casting: Shock (safe; 3% risk of failure)
Confirm with . or Enter, or press ? or * to list all spells.
Aiming: Shock (safe; 3% risk of failure)
Press: ? - help, Shift-Dir - straight line, f/p - scorpion
Aim: a scorpion (almost dead)
The zap hits the scorpion.
You kill the scorpion!
Your Dodging skill increases to level 4!
Your Spellcasting skill increases to level 5!
Your Conjurations skill increases to level 2!
Your Air Magic skill increases to level 6!
You have reached level 3!
Your experience leads to an increase in your attributes!
Increase (S)trength, (I)ntelligence, or (D)exterity?
You feel agile.
You have reached level 4!
You feel clever.
You die...

▓.▓
▓.▓
▓.▓
▓'▓
▓.▓
▓.▓
▓†▓
▓.▓
▓@▓
▓†▓
▓†▓
▓.▓
▓.▓
▓.▓
▓.▓
▓+▓


There were no monsters in sight!

Vanquished Creatures
  A scorpion (D)
  An adder (D)
  A worm (D)
  A dart slug (D)
  A leopard gecko (D)
  A bat (D)
  A giant cockroach (D)
  A goblin (D)
  A jackal (D)
  A kobold (D)
10 creatures vanquished.

Vanquished Creatures (others)
  A spatial maelstrom (D)
1 creature vanquished.

Grand Total: 11 creatures vanquished

Notes
Turn   | Place    | Note
-------+----------+-------------------------------------------
     0 | D        | emperorscorpion the Deep Elf Air Elementalist began the quest for the Orb.
     0 | D        | Reached XP level 1. HP: 10/10 MP: 6/6
     9 | D        | Reached skill level 4 in Air Magic
    10 | D        | Reached XP level 2. HP: 13/15 MP: 0/8
    12 | D        | Banished a spatial maelstrom
    78 | D        | Noticed a scorpion
    84 | D        | Reached skill level 5 in Air Magic
    98 | D        | Killed a scorpion
    98 | D        | Reached skill level 5 in Spellcasting
    98 | D        | Reached skill level 6 in Air Magic
    98 | D        | Reached XP level 3. HP: 1/19 MP: 0/12
    98 | D        | Reached XP level 4. HP: 2/24 MP: 0/13
    98 | D        | Succumbed to a scorpion's poison

Vault maps used:
D:        linesprint

Skill      XL: |  1  2 |
---------------+-------+-----
Air Magic      | 4 6 |  6.4
Dodging        | 4 |  4.1
Stealth        | 3 |  3.6
Spellcasting   | 5 |  5.7
Conjurations   | 2 |  2.3

Action                   |  1- 3 |  4- 6 || total
-------------------------+-------+-------++-------
Melee: Unarmed           |     1 |       ||     1
       Short sword       |     7 |       ||     7
 Cast: Shock             |    15 |     1 ||    16
  Use: Potion            |     1 |       ||     1
Armor: Robe              |     3 |       ||     3
Dodge: Dodged            |    11 |       ||    11

Table legend:
 A = Spawn XP
 B = Non-spawn XP
 C = Spawn XP percentage of total XP
 D = Spawn monster count
 E = Non-spawn monster count
 F = Spawn count percentage of total count
 G = Total turns spent on level
                    A         B        C        D         E        F      G
               +---------+---------+-------+---------+---------+-------+---------
         Total |       0 |     105 |   0.0 |       0 |      10 |   0.0 |    98
               +---------+---------+-------+---------+---------+-------+---------
             D |       0 |     105 |   0.0 |       0 |      10 |   0.0 |    98
               +---------+---------+-------+---------+---------+-------+---------
